 Dungeon Crawl Stone Soup version 0.30-a0-591-g3c58d2bc28 (console) character file.

Game seed: 9980336393549726283

11601 jejorda2 the Impaler (level 11, -8/89 HPs)
             Began as a Merfolk Berserker on Jan 4, 2023.
             Was a High Priest of Trog.
             Mangled by a manticore (12 damage)
             ... on level 10 of the Dungeon.
             The game lasted 00:26:37 (8158 turns).

jejorda2 the Impaler (Merfolk Berserker)            Turns: 8158, Time: 00:26:38

Health: -8/89      AC: 16    Str: 21    XL:     11   Next: 80%
Magic:  11/11      EV: 14    Int: 11    God:    Trog [*****.]
Gold:   160        SH:  0    Dex: 18    Spells: 10/10 levels left

rFire   + . .      SeeInvis .    a - +4 glaive (flame)
rCold   + . .      Faith    .    (shield currently unavailable)
rNeg    . . .      Spirit   .    d - +2 ring mail {rPois}
rPois   +          Reflect  .    v - +0 helmet
rElec   .          Harm     .    c - scarf {rC+ rF+}
rCorr   .          Rampage  .    l - +0 pair of gloves
Will    .....                    G - +0 pair of boots Stlth
                                 h - amulet of regeneration
HPRegen 1.14/turn                y - +6 ring of dexterity
MPRegen 0.12/turn                E - +4 ring of protection

@: silenced
A: (nimble swimmer 2), mertail, clever 1, wild magic 1
a: Renounce Religion


You were on level 10 of the Dungeon.
You worshipped Trog.
Trog was extremely pleased with you.
You visited 1 branch of the dungeon, and saw 10 of its levels.

You collected 556 gold pieces.
You spent 396 gold pieces at shops.

Inventory:

Hand Weapons
 a - a +4 glaive of flaming (weapon)
 L - a +0 halberd
Missiles
 f - 7 boomerangs
 k - 77 stones (quivered)
 w - 19 poisoned darts
 D - 3 curare-tipped darts
 K - 3 javelins
Armour
 c - a scarf of resistance (worn)
 d - a +2 ring mail of poison resistance (worn)
 l - a +0 pair of gloves (worn)
 v - a +0 helmet (worn)
 G - a +0 pair of boots (worn)
Jewellery
 h - an amulet of regeneration (around neck)
 y - a +6 ring of dexterity (left hand)
 E - a +4 ring of protection (right hand)
 H - a ring of fire
Wands
 q - a wand of flame (30)
 r - a wand of roots (7)
 u - a wand of light (9)
 x - a wand of mindburst (14)
 B - a wand of paralysis (10)
Scrolls
 j - 2 scrolls of fog
 m - 3 scrolls of teleportation {unknown}
 A - a scroll of enchant weapon {unknown}
 C - a scroll of torment {unknown}
 F - a scroll of enchant armour {unknown}
 I - a scroll of identify
 J - a scroll of butterflies {unknown}
Potions
 e - 7 potions of curing
 g - 4 potions of flight
 i - a potion of mutation
 o - a potion of might {unknown}
 p - a potion of berserk rage {unknown}
 s - 3 potions of resistance
 t - 2 potions of ambrosia
 z - 2 potions of attraction


   Skills:
 + Level 9.3 Fighting
 * Level 17.8 Polearms
 - Level 6.0 Armour
 - Level 6.0 Dodging
 + Level 3.4 Evocations


You had 10 spell levels left.
You didn't know any spells.
Your spell library was empty.

Dungeon Overview and Level Annotations

Branches:
Dungeon (10/15)            Temple (0/1) D:7            Lair (0/5) D:10
    Orc: D:9-12

Altars:
Dithmenos
Elyvilon
Hepliaklqana
Kikubaaqudgha
Makhleb
Nemelex Xobeh
Sif Muna
Uskayaw
Zin
The Shining One

Shops:
D:5 (   D:6 =   D:9 (   D:10 *

Annotations:
D:9 4 runed translucent doors, exclusion: 4 doors


Innate Abilities, Weirdness & Mutations

((You are very nimble when in or above water. (Stealth+, EV+, Speed+++)))
Your lower body shifts to a powerful aquatic tail in water.
Your mind is acute. (Int +4, Str/Dex -1)
Your spells are a little harder to cast, but a little more powerful.


Message History

A yaktaur comes into view.
You closely miss the manticore. The manticore bites you.
The manticore claws you. The manticore misses you.
The yaktaur wields a +0 arbalest.
The yaktaur shoots a bolt.
The bolt hits you!!
You hear a horrible gurgling sound!
You closely miss the manticore. You hit the manticore but do no damage.
The manticore closely misses you. The manticore claws you.
The manticore claws you but does no damage.
The yaktaur shoots a bolt.
The bolt hits you!
You hear a horrible gurgling sound!
You hear an angry hiss.
You slash the manticore! You burn the manticore.
The manticore is moderately wounded.
You hear a shout!
The manticore bites you! The manticore barely misses you.
The manticore misses you.
The yaktaur shoots a bolt.
The bolt hits you!
The barbs in your skin will harm you if you move.
Continue?
The barbed spikes dig painfully into your body as you move.
* * * LOW HITPOINT WARNING * * *
The manticore bites you!
* * * LOW HITPOINT WARNING * * *
The manticore claws you.
* * * LOW HITPOINT WARNING * * *
The manticore claws you but does no damage.
Okay, then.
Okay, then.
Okay, then.
Unknown command.
Okay, then.
As you read the scroll labelled AKHLYW ZANAIDEZ, it crumbles to dust.
A profound silence engulfs you.
It was a scroll of silence.
You carefully extract the barbed spikes from your body.
The manticore barely misses you. The manticore closely misses you.
The manticore claws you.
* * * LOW HITPOINT WARNING * * *
It was a potion of mutation.
You feel extremely strange.
You feel clever.
You feel less in control of your magic. The manticore bites you!
You die...

#. ######.# ##......#
#.......# #.....#..
#..>...8# #.......### #
#....∩.H@.#.### ####
##.......c..... †..#
#8...<..?.##.#
##.#########...........
#.......?[#.............
#.>.......[.............
............[...........
............?..>........
.......................


You could see a manticore (unsilenced) and a yaktaur.

Vanquished Creatures
  A centaur warrior (D:9)
  A boulder beetle (D:10)
  A tengu warrior (D:9)
  A two-headed ogre (D:10)
  The ghost of Newt the Fighter, a novice DsGl of Qazlal (D:9)
  An orb spider (shapeshifter) (D:9)
  A kobold demonologist (D:9)
  A tengu conjurer (D:10)
  A komodo dragon (D:10)
  A meliai (D:10)
  A troll (D:9)
  Sigmund (D:5)
  A wyvern (D:9)
  11 yaks
  Eustachio (D:5)
  A steam dragon (D:9)
  Duvessa (D:4)
  A water moccasin (D:5)
  3 orc warriors
  3 black bears
  A sky beast (D:8)
  An ogre (D:5)
  6 centaurs
  2 phantoms
  5 kobold brigands
  Blork the orc (D:4)
  2 bullfrogs
  A necrophage (D:6)
  2 gnoll sergeants (D:8)
  6 scorpions
  6 wights
  Dowan (D:4)
  2 jellies
  16 killer bees
  A howler monkey (D:6)
  3 iron imps (D:7)
  10 orc priests
  A hound (D:5)
  2 iguanas (D:6)
  Ijyb (D:3)
  6 orc wizards
  Robin (D:3)
  18 gnolls
  13 adders
  2 shadow imps
  2 white imps
  An ufetubus (D:5)
  3 worms (D:2)
  5 dart slugs
  28 orcs
  5 bats
  8 endoplasms
  6 giant cockroaches
  16 goblins
  9 hobgoblins
  4 jackals (D:2)
  18 kobolds
  A quokka (D:2)
  5 ball pythons
  2 frilled lizards
  8 rats
265 creatures vanquished.

Vanquished Creatures (others)
  4 plants
4 creatures vanquished.

Grand Total: 269 creatures vanquished

Notes
Turn   | Place    | Note
-------+----------+-------------------------------------------
     0 | D:1      | jejorda2 the Merfolk Berserker began the quest for the Orb.
     0 | D:1      | Reached XP level 1. HP: 18/18 MP: 1/1
     0 | D:1      | Noticed a demonspawn zombie
     2 | D:1      | Noticed a merfolk zombie
    20 | D:1      | Noticed a merfolk zombie
    23 | D:1      | Noticed a demonspawn zombie
   116 | D:1      | Reached XP level 2. HP: 16/24 MP: 2/2
   535 | D:1      | Reached XP level 3. HP: 29/29 MP: 3/3
   598 | D:1      | You fall into a shaft and drop 1 floor!
   654 | D:2      | Reached skill level 5 in Polearms
   677 | D:2      | Reached ** piety under Trog
   942 | D:2      | Reached XP level 4. HP: 37/37 MP: 4/4
  1188 | D:2      | Reached XP level 5. HP: 42/42 MP: 5/5
  1206 | D:2      | Reached skill level 6 in Polearms
  1646 | D:3      | Found a shadowy altar of Dithmenos.
  1747 | D:3      | Noticed Ijyb
  1756 | D:3      | Killed Ijyb
  1770 | D:3      | Reached *** piety under Trog
  1776 | D:3      | Reached XP level 6. HP: 35/49 MP: 6/6
  2060 | D:3      | Noticed Robin
  2068 | D:3      | Killed Robin
  2082 | D:3      | Reached skill level 7 in Polearms
  2368 | D:4      | Noticed Duvessa
  2382 | D:4      | Noticed Dowan
  2389 | D:4      | Killed Duvessa
  2390 | D:4      | Reached skill level 5 in Dodging
  2394 | D:5      | Entered Level 5 of the Dungeon
  2403 | D:5      | Reached skill level 5 in Fighting
  2403 | D:5      | Reached XP level 7. HP: 35/56 MP: 7/7
  2464 | D:4      | Killed Dowan
  2465 | D:4      | Reached skill level 8 in Polearms
  2554 | D:4      | Noticed Blork the orc
  2565 | D:4      | Killed Blork the orc
  2920 | D:5      | Reached skill level 9 in Polearms
  3009 | D:5      | Reached XP level 8. HP: 62/64 MP: 8/8
  3018 | D:5      | Found Tyas's Antique Weapon Boutique.
  3028 | D:5      | Noticed a +0 dagger
  3032 | D:5      | Noticed Eustachio
  3083 | D:5      | Killed Eustachio
  3163 | D:5      | Reached skill level 10 in Polearms
  3380 | D:5      | Noticed a +0 dagger
  3380 | D:5      | Noticed a +0 short sword
  3380 | D:5      | Noticed a +0 spear
  3380 | D:5      | Noticed a +0 falchion
  3381 | D:5      | Noticed a +0 falchion
  3381 | D:5      | Noticed a +0 short sword
  3381 | D:5      | Noticed a +0 spear
  3408 | D:5      | Found a hide-covered altar of Uskayaw.
  3817 | D:5      | Noticed Sigmund
  3830 | D:5      | Killed Sigmund
  3955 | D:5      | Found a shimmering blue altar of Sif Muna.
  4270 | D:5      | Reached skill level 11 in Polearms
  4323 | D:6      | Found an ancient bone altar of Kikubaaqudgha.
  4363 | D:6      | Reached **** piety under Trog
  4371 | D:6      | Reached XP level 9. HP: 69/69 MP: 9/9
  4519 | D:6      | Reached skill level 12 in Polearms
  4874 | D:6      | Found Sotoam's Jewellery Emporium.
  4970 | D:7      | Reached skill level 13 in Polearms
  5099 | D:7      | Found a staircase to the Ecumenical Temple.
  5147 | D:7      | Found a burning altar of Makhleb.
  6072 | D:8      | Reached skill level 14 in Polearms
  6096 | D:8      | Found a glowing golden altar of the Shining One.
  6097 | D:8      | Found a glowing silver altar of Zin.
  6098 | D:8      | Found a white marble altar of Elyvilon.
  6129 | D:8      | Reached XP level 10. HP: 73/76 MP: 10/10
  6240 | D:8      | Reached skill level 5 in Armour
  6445 | D:6      | Bought a +4 ring of protection for 396 gold pieces
  6732 | D:9      | Reached ***** piety under Trog
  6849 | D:9      | Found a large runed translucent door.
  6849 | D:9      | Found a large runed translucent door.
  6852 | D:9      | Noticed a four-headed hydra
  6860 | D:9      | Found a large runed translucent door.
  6860 | D:9      | Found a large runed translucent door.
  6890 | D:9      | Reached skill level 15 in Polearms
  6893 | D:9      | Noticed a tengu warrior
  6905 | D:9      | Killed a tengu warrior
  7063 | D:9      | Found a sparkling altar of Nemelex Xobeh.
  7170 | D:9      | Found a hazy altar of Hepliaklqana.
  7209 | D:9      | Noticed a kobold demonologist
  7213 | D:9      | Noticed an orange demon
  7221 | D:9      | Killed a kobold demonologist
  7229 | D:9      | Noticed a centaur warrior
  7238 | D:9      | Killed a centaur warrior
  7239 | D:9      | Reached skill level 16 in Polearms
  7239 | D:9      | Reached XP level 11. HP: 85/85 MP: 11/11
  7343 | D:9      | Found Kunlohyc's Weapon Emporium.
  7370 | D:9      | Found a runed translucent door.
  7372 | D:9      | Noticed Newt's ghost (novice DsGl)
  7373 | D:9      | a cane toad changed into a faun
  7373 | D:9      | Noticed a faun (shapeshifter)
  7613 | D:9      | a water nymph changed into a manticore
  7613 | D:9      | Noticed a manticore (shapeshifter)
  7614 | D:9      | a manticore changed into a lindwurm
  7614 | D:9      | Noticed a lindwurm (shapeshifter)
  7640 | D:9      | Killed Newt's ghost
  7642 | D:9      | a lindwurm changed into an orb spider
  7642 | D:9      | Noticed an orb spider (shapeshifter)
  7647 | D:9      | Killed an orb spider
  7752 | D:10     | Entered Level 10 of the Dungeon
  7761 | D:10     | Reached skill level 17 in Polearms
  7807 | D:10     | Noticed a two-headed ogre
  7850 | D:10     | Killed a two-headed ogre
  7851 | D:10     | Reached skill level 1 in Evocations
  8073 | D:10     | Received a gift from Trog
  8079 | D:10     | Found a staircase to the Lair.
  8095 | D:10     | Noticed a boulder beetle
  8096 | D:10     | Found Ytumun's General Store.
  8104 | D:10     | Killed a boulder beetle
  8110 | D:10     | Noticed a manticore
  8157 | D:10     | HP: 3/89 [manticore (4)]
  8158 | D:10     | Gained mutation: Your mind is acute. (Int +4, Str/Dex -1)
                  | [potion of mutation]
  8158 | D:10     | Gained mutation: Your spells are a little harder to cast,
                  | but a little more powerful. [potion of mutation]
  8158 | D:10     | Mangled by a manticore

Illustrated notes

Levels and vault maps discovered:
D:1:      shiori_arrival_whats_in_store_for_you, layout_rooms,
          kennysheep_another_room
D:2:      layout_loops_cross, minmay_misc_feat_nine_boxes,
          hangedman_decor_clover_reticule, minmay_heptomino_w4
D:3:      layout_basic, grunt_dithmenos_smoke_and_mirrors,
          palyth_stone_intersect, uniq_ijyb, uniq_robin
D:4:      layout_gridville, fountainhead, hangedman_decor_lopped,
          uniq_blork_the_orc, uniq_duvessa
D:5:      layout_layer_cave, lemuel_doored_altar, nicolae_uskayaw_en_pointe,
          serial_shops, nicolae_shop_overgrown_old_shop, st_stairs_13,
          uniq_eustachio, uniq_sigmund
D:6:      layout_cave_pools, marbit_many_paths, serial_shops,
          nicolae_lakefront_shop, kennysheep_generic_room_7
D:7:      layout_rooms, demons_altar, minmay_temple_entry_wispy,
          nicolae_eternal_life, hangedman_glass_teeth
D:8:      layout_loops_ring, good_gods_mini_temple, serial_bayou_pond_c,
          grunt_decor_one_mirror
D:9:      layout_big_octagon, overflow_temple_1_default,
          mainiacjoe_overflow_small_starburst, ebering_ghost_inner_flame,
          nicolae_inconvenience_store, minmay_hollow_rounded_squares
D:10:     layout_rooms, david_lair_shrubbed, serial_shops, shop, enter_trove_6,
          nicolae_stop_n_shop_1, kennysheep_nondescript,
          small_statue_intersection, minivault_28

Skill      XL: |  1  2  3  4  5  6  7  8  9 10 11 |
---------------+----------------------------------+-----
Dodging        | 3 4 5 6 |  6.0
Polearms       | 5 6 7 9 11 14 16 17 | 17.8
Fighting       | 4 5 6 7 9 |  9.3
Armour         | 3 4 6 |  6.0
Evocations     | 3 |  3.4

Action                   |  1- 3 |  4- 6 |  7- 9 | 10-12 || total
-------------------------+-------+-------+-------+-------++-------
Melee: Spear             |   115 |     9 |       |       ||   124
       Punch             |     2 |       |       |       ||     2
       Halberd           |       |   166 |   342 |   408 ||   916
       Tailslap          |       |       |     2 |       ||     2
       Glaive            |       |       |       |    16 ||    16
Throw: Stone             |       |     5 |     5 |    18 ||    28
Invok: Berserk           |     3 |     2 |     5 |     7 ||    17
       Trog's Hand       |     1 |       |     6 |     2 ||     9
Evoke: Wand              |       |       |     2 |       ||     2
  Use: Scroll            |       |       |    12 |     1 ||    13
       Potion            |       |       |     2 |     2 ||     4
 Stab: Invisible         |       |       |     2 |       ||     2
       Distracted        |       |       |       |     1 ||     1
Armor: Ring mail         |    27 |    26 |   103 |   159 ||   315
       Chain mail        |       |    14 |    16 |       ||    30
       Scale mail        |       |       |    86 |       ||    86
       Skin              |       |       |       |    52 ||    52
Dodge: Dodged            |    39 |    80 |   303 |   326 ||   748

Table legend: (Time is in decaauts)
 A = Elapsed time spent in this place.
 B = Non-inter-level travel time spent in this place.
 C = Inter-level travel time spent in this place.
 D = Time resting spent in this place.
 E = Time spent auto-exploring this place.
 F = Levels seen in this place.
 G = Mean time per level.
                   A        B        C        D        E       F      G
               +--------+--------+--------+--------+--------+-----+--------+
         Total |   8157 |   7604 |    553 |    606 |   5085 |  10 |  815.7 |
       Dungeon |   8157 |   7604 |    553 |    606 |   5085 |  10 |  815.7 |
               +--------+--------+--------+--------+--------+-----+--------+

Top non-repeatable levels by time:
     D:5: 1524 daAuts
     D:9: 1218 daAuts
     D:2: 940 daAuts
     D:8: 827 daAuts
     D:7: 758 daAuts
     D:3: 726 daAuts
     D:1: 701 daAuts
     D:6: 653 daAuts
     D:4: 522 daAuts
    D:10: 284 daAuts
